 Dungeon Crawl Stone Soup version 0.30-a0-272-gf98c3da03f (webtiles) character file.

Game seed: 3987631184267867160

768 timneilson the Covered (level 7, -8/44 HPs)
             Began as a Gargoyle Fighter on Oct 15, 2022.
             Mangled by a wight
             ... wielding a +5 scimitar
              (9 damage)
             ... on level 5 of the Dungeon.
             The game lasted 00:11:06 (4232 turns).

timneilson the Covered (Gargoyle Fighter)           Turns: 4232, Time: 00:11:07

Health: -8/44      AC: 27    Str: 20 (21) XL:     7   Next: 82%
Magic:  7/7        EV:  8    Int:  9      God:
Gold:   185        SH:  5    Dex:  9      Spells: 6/6 levels left

rFire   . . .      SeeInvis .    a - +1 long sword (protect)
rCold   . . .      Faith    .    c - +0 buckler
rNeg    + . .      Spirit   .    i - +0 chain mail
rPois   ∞          Reflect  .    (no helmet)
rElec   +          Harm     .    (no cloak)
rCorr   .          Rampage  .    t - +0 pair of gloves
Will    .....                    (no boots)
Stlth   ..........               (no amulet)
HPRegen 0.27/turn                r - +4 ring of protection
MPRegen 0.10/turn                (no ring)

@: under a protective aura
A: sickness immunity, AC +4, negative energy resistance 1, electricity
resistance, torment resistance 1, petrification resistance
a: no special abilities


You were on level 5 of the Dungeon.
You visited 1 branch of the dungeon, and saw 6 of its levels.
You also visited: Sewer.

You collected 185 gold pieces.

Inventory:

Hand Weapons
 a - a +1 long sword of protection (weapon)
Missiles
 o - a throwing net (quivered)
Armour
 c - a +0 buckler (worn)
 g - a +0 plate armour
 i - a +0 chain mail (worn)
 t - a +0 pair of gloves (worn)
Jewellery
 l - a ring of magical power
 r - a +4 ring of protection (left hand)
Wands
 b - a wand of iceblast (15)
Scrolls
 d - a scroll of noise
 h - 3 scrolls of teleportation
 m - a scroll of butterflies
 n - a scroll of magic mapping
Potions
 e - a potion of curing
 f - a potion of cancellation
 j - 5 potions of flight
 k - a potion of mutation
 p - a potion of haste
 q - a potion of berserk rage


   Skills:
 + Level 4.5 Fighting
 * Level 4.0 Long Blades
 * Level 5.5 Armour
 + Level 2.2 Dodging
 * Level 5.4 Shields
 + Level 1.6 Evocations


You had 6 spell levels left.
You didn't know any spells.
Your spell library contained the following spells:

 Spells                   Type           Power      Damage    Failure   Level
 Portal Projectile        Hex/Tloc       0%         N/A       100%        3
 Tukima's Dance           Hex            0%         N/A       100%        3
 Blade Hands              Tmut           0%         N/A       100%        5


Dungeon Overview and Level Annotations

Branches:
Dungeon (6/15)              Sewer (visited)
 Temple: D:4-7

Altars:
Elyvilon
Sif Muna
Trog

Shops:
D:3 *!   D:4 :


Innate Abilities, Weirdness & Mutations

You are immune to sickness and miasma.
Your stone body is resilient. (AC +4)
You are immune to poison.
You resist negative energy. (rN+)
You are resistant to electric shocks. (rElec)
You are resistant to unholy torment.
You are immune to petrification.


Message History

There is a stone staircase leading up here.
The wight closely misses you. You block the wight's attack.
You climb upwards.
There is a stone staircase leading down here.
You hit the wight.
Your weapon exudes an aura of protection.
The wight is lightly damaged.
The wight hits you but does no damage. x2
You hit the wight but do no damage.
The wight is lightly damaged.
You block the wight's attack. The wight closely misses you.
You barely miss the wight.
The wight is lightly damaged.
The wight hits you but does no damage. The wight hits you with a +5 scimitar!
The wight hits you with a +4 falchion. The wight hits you with a +5 scimitar.
You closely miss the wight.
The wight is lightly damaged.
The wight hits you but does no damage. x2
You hit the wight.
The wight is moderately damaged.
The wight hits you but does no damage. x2
You barely miss the wight.
The wight is moderately damaged.
The wight hits you with a +4 falchion! The wight hits you but does no damage.
You slash the wight!
The wight is almost destroyed.
The wight hits you with a +4 falchion. The wight hits you but does no damage.
The wight barely misses you. You block the wight's attack.
You barely miss the wight.
The wight is almost destroyed.
The wight hits you with a +4 falchion. The wight hits you with a +5 scimitar.
* * * LOW HITPOINT WARNING * * *
You hit the wight but do no damage.
The wight is almost destroyed.
You block the wight's attack. The wight hits you with a +5 scimitar!
* * * LOW HITPOINT WARNING * * *
You hit the wight but do no damage.
The wight is almost destroyed.
You block the wight's attack. The wight hits you with a +5 scimitar!
You die...

#.# #.### #....
#..## #..# ###..#
##....#
###########.###<##
#@z........## ##.#
#z####.....# #..
#.# ##.###.## ##.#
#.# #..# #..###.##
#.# #.## #.#....#
#.# #.# #.##.#.#
#.###.####.##.#.#
#..........##.#.#
#####.##......#.#


You could see 2 wights.

Vanquished Creatures
  A water moccasin (D:5)
  A centaur (D:3)
  2 bullfrogs (Sewer)
  A howler monkey (D:5)
  2 orc priests (D:5)
  2 hounds
  2 iguanas (D:4)
  An orc wizard (D:5)
  11 adders
  A white imp (D:5)
  3 ufetubi (D:5)
  A worm (D:5)
  2 dart slugs
  4 orcs
  4 bats
  2 endoplasms
  10 giant cockroaches
  6 hobgoblins
  6 jackals
  7 kobolds
  10 quokkas
  12 ball pythons
  8 frilled lizards
  10 goblins
  5 rats
114 creatures vanquished.

Vanquished Creatures (others)
  An orc wizard (D:5)
  3 fungi (D:2)
  2 plants (D:2)
6 creatures vanquished.

Grand Total: 120 creatures vanquished

Notes
Turn   | Place    | Note
-------+----------+-------------------------------------------
     0 | D:1      | timneilson the Gargoyle Fighter began the quest for the
                  | Orb.
     0 | D:1      | Reached XP level 1. HP: 14/14 MP: 1/1
   125 | D:1      | Reached XP level 2. HP: 19/19 MP: 2/2
   386 | D:1      | Reached XP level 3. HP: 14/23 MP: 3/3
  1049 | D:2      | Found a faded altar of an unknown god.
  1497 | D:2      | Reached XP level 4. HP: 26/28 MP: 4/4
  1577 | D:2      | Identified the +8 spear of the Dark Horse {speed, SInv
                  | Stlth+}
  1611 | D:3      | Noticed a centaur
  1633 | D:3      | Killed a centaur
  1634 | D:3      | Reached skill level 1 in Dodging
  1634 | D:3      | Reached XP level 5. HP: 23/33 MP: 5/5
  1746 | D:3      | Found a glowing drain.
  1751 | Sewer    | Entered a sewer
  2054 | Sewer    | Reached XP level 6. HP: 11/38 MP: 6/6
  2249 | D:3      | Found Nijiafuo's General Store.
  2451 | D:3      | Found Tolox's Distillery.
  2731 | D:4      | Found Diraont's Book Boutique.
  2841 | D:4      | Found a white marble altar of Elyvilon.
  2911 | D:4      | Found a shimmering blue altar of Sif Muna.
  3048 | D:4      | Reached XP level 7. HP: 43/43 MP: 7/7
  3151 | D:4      | Identified the +6 spear "Jellyslayer" {protect, Str-5
                  | Dex+6}
  3234 | D:4      | Reached skill level 5 in Armour
  3234 | D:4      | Reached skill level 1 in Evocations
  3317 | D:5      | Entered Level 5 of the Dungeon
  3354 | D:5      | Reached skill level 5 in Shields
  3597 | D:5      | Found a bloodstained altar of Trog.
  4231 | D:5      | HP: 1/44 [wight/+5 scimitar (9)]
  4232 | D:5      | Mangled by a wight

Illustrated notes

Levels and vault maps discovered:
D:1:      ncdulo_halloftheorcs, layout_basic, chequers_decorated_corner
D:2:      layout_loops_cross, shapermc_ecumenical_altar_mp_urbaneastern,
          hangedman_feature_mirror
D:3:      layout_rooms, portal_sewer_entry_e, serial_shops,
          nicolae_shop_competitors_out_of_business, shop
D:4:      layout_loops_cross, nicolae_overflow_squiral, serial_shops, shop
D:5:      layout_loops_ring, lemuel_crystal_altar, supply_closet_lemuel
D:6:      layout_cave_pools, marbit_many_paths, uniq_crazy_yiuf_cottage

Skill      XL: |  1  2  3  4  5  6  7 |
---------------+----------------------+-----
Long Blades    | 2 3 4 |  4.0
Armour         | 4 5 |  5.5
Dodging        | 1 2 |  2.2
Shields        | 4 5 |  5.4
Fighting       | 4 |  4.5
Evocations     | 1 |  1.6

Action                   |  1- 3 |  4- 6 |  7- 9 || total
-------------------------+-------+-------+-------++-------
Melee: Long sword        |   206 |   249 |   148 ||   603
  Use: Scroll            |     4 |     7 |     4 ||    15
       Potion            |       |     4 |       ||     4
Armor: Scale mail        |    65 |       |       ||    65
       Chain mail        |    63 |   243 |   130 ||   436
Dodge: Dodged            |    94 |   123 |    44 ||   261
Block: Buckler           |    34 |    84 |    34 ||   152

Table legend: (Time is in decaauts)
 A = Elapsed time spent in this place.
 B = Non-inter-level travel time spent in this place.
 C = Inter-level travel time spent in this place.
 D = Time resting spent in this place.
 E = Time spent auto-exploring this place.
 F = Levels seen in this place.
 G = Mean time per level.
                   A        B        C        D        E       F      G
               +--------+--------+--------+--------+--------+-----+--------+
         Total |   4466 |   4346 |    120 |     48 |   2818 |   7 |  638.0 |
       Dungeon |   3922 |   3802 |    120 |     48 |   2639 |   6 |  653.7 |
         Sewer |    543 |    543 |      0 |      0 |    179 |   1 |  543.0 |
               +--------+--------+--------+--------+--------+-----+--------+

Top non-repeatable levels by time:
     D:1: 975 daAuts
     D:5: 941 daAuts
     D:4: 716 daAuts
     D:2: 706 daAuts
     D:3: 577 daAuts
   Sewer: 543 daAuts
     D:6: 5 daAuts
